Map: Abyssal Reef LE

Players

ZackDaFuture

  • Race: Zerg Zerg
  • League: Gold
  • Spawn Location: 11:00

Valderg - Winner!

  • Race: Zerg Zerg
  • League: Gold
  • Spawn Location: 5:00

VOD

Have the link to the VOD?

Description

Time

  • Played on: Nov. 29, 2017, 9:40 p.m.
  • Length: 10:32
Show
View Real Time Build Order
Export as new Build Order

ZackDaFuture Zerg 

Build Orders: Pool First 

Get SALT Encoding   

  12  0:20  Spawning Pool  
  11  0:27  Overlord  
  11  0:32  Drone  
  12  0:36  Drone  
  12  0:41  Drone  
  14  1:07  Queen  
  16  1:12  Zergling x6  
  19  1:18  Extractor  
  19  1:23  Extractor  
  17  1:26  Drone  
  18  1:39  Drone  
  19  1:44  Queen  
  21  1:50  Drone  
  22  1:59  Roach Warren  
  22  2:01  Drone  
  21  2:22  Overlord  
  19  2:35  Lair  
  19  2:54  Roach, Zergling x2  
  22  3:05  Roach  
  24  3:06  Roach  
  25  3:21  Zergling x2  
  25  3:22  Roach  
  28  3:32  Roach  
  30  3:40  Overlord  
  29  3:59  Roach  
  29  4:01  Roach  
  33  4:17  Hydralisk Den  
  33  4:18  Drone  
  35  4:31  Roach  
  35  4:37  Zergling x2, Roach  
  38  4:51  Hydralisk  
  38  4:55  Overlord  
  38  5:11  Overlord  
  37  5:18  Hydralisk  
  37  5:20  Zergling x2  
  38  5:26  Roach  
  40  5:37  Hydralisk  
  42  5:47  Hydralisk  
  44  5:57  Hydralisk  
  44  5:58  Roach  
  47  6:18  Roach  
  47  6:29  Spire  
  47  6:32  Drone x2  
  48  6:37  Drone  
  48  7:14  Hatchery  
  47  7:20  Drone x4  
  51  7:33  Drone x2  
  53  7:38  Overlord  
  53  7:56  Overlord, Mutalisk  
  55  8:02  Mutalisk  
  57  8:10  Mutalisk  
  59  8:26  Mutalisk x2  
  39  9:38  Hatchery  
Show
View Real Time Build Order
Export as new Build Order

Valderg Zerg - Winner!

Build Orders: Hatch First 

Get SALT Encoding   

  12  0:01  Drone  
  13  0:13  Overlord  
  13  0:22  Drone  
  14  0:31  Drone x2  
  16  0:37  Drone  
  17  0:55  Hatchery  
  16  1:06  Drone  
  16  1:07  Drone  
  18  1:12  Drone  
  19  1:20  Extractor  
  19  1:23  Spawning Pool  
  19  1:25  Drone  
  18  1:31  Drone  
  19  1:41  Overlord  
  20  2:10  Zergling x4  
  20  2:15  Spine Crawler  
  22  2:34  Baneling Nest  
  22  2:36  Hatchery  
  20  2:43  Zergling x6  
  23  2:59  Metabolic Boost  
  23  3:16  Hatchery  
  22  3:23  Roach Warren  
  19  3:37  Drone x3  
  19  3:49  Queen x2  
  19  3:54  Drone x2  
  25  4:05  Roach  
  27  4:16  Spine Crawler  
  26  4:22  Spore Crawler  
  26  4:25  Zergling x4  
  26  4:27  Overlord  
  26  4:36  Spine Crawler  
  21  4:48  Zergling x4, Drone  
  21  4:49  Zergling x6  
  26  5:01  Drone x2  
  26  5:03  Spine Crawler  
  26  5:05  Spine Crawler  
  26  5:11  Zergling x2  
  27  5:23  Roach  
  29  5:28  Lair  
  29  5:34  Roach x2  
  33  5:36  Drone  
  34  5:47  Roach  
  36  6:00  Overlord x2  
  34  6:17  Roach  
  34  6:30  Glial Reconstitution  
  34  6:38  Roach  
  34  6:39  Zergling x8, Nydus Network  
  39  6:42  Extractor  
  39  6:44  Drone  
  39  6:54  Drone  
  39  6:56  Drone x2  
  42  7:07  Roach  
  44  7:09  Queen  
  46  7:17  Roach  
  48  7:25  Zergling x6  
  51  7:34  Spine Crawler, Drone  
  51  7:52  Spine Crawler  
  51  7:53  Zergling x2  
  51  7:57  Overlord x2  
  51  8:16  Nydus Canal  
  51  8:22  Roach x2  
  51  8:23  Roach  
  57  8:54  Overlord x2  
  57  9:00  Spore Crawler  
  57  9:02  Spore Crawler  
  54  9:12  Queen  
  55  9:22  Spore Crawler  
  55  9:23  Spore Crawler  
  53  9:24  Spine Crawler  
  52  9:37  Zergling x4  
  52  9:38  Zergling x2  
  44  9:50  Zergling x6  
  34  10:02  Zergling x2  
  27  10:08  Spine Crawler  
  25  10:14  Zergling x2  
Tags
 
Add a new tag
Caveats
  • Supply blocks, unpowered buildings, or Contaminate may cause inaccurate times.
  • Supply counts are checked every 10 seconds.